 Dungeon Crawl Stone Soup version 0.31-a0-1424-g2add1c7226 (webtiles) character file.

Game seed: 15213783618229330802

657 Aldia the Cudgeller (level 7, -6/74 HPs)
             Began as an Oni Warper on Dec 27, 2023.
             Mangled by an ice beast (14 damage)
             ... on level 5 of the Dungeon.
             The game lasted 00:10:18 (4990 turns).

Aldia the Cudgeller (Oni Warper)                    Turns: 4990, Time: 00:10:18

Health: -6/74      AC:  4    Str: 22    XL:     7   Next: 55%
Magic:  10/10      EV:  9    Int: 17    God:
Gold:   238        SH:  0    Dex:  8    Spells: 9/11 levels left

rFire   . . .        h - +0 mace (drain)
rCold   . . .        (no shield)
rNeg    + . .        b - +0 robe
rPois   .            (helmet restricted)
rElec   .            u - +0 cloak
rCorr   .            (gloves unavailable)
SInv    .            (boots unavailable)
Will    .....        (no amulet)
Stlth   ++           o - ring of flight
HPRegen 0.32/turn    w - ring of the Komtur {rN+ Str+4 Int+3 Stlth+}
MPRegen 0.12/turn

%: no passive effects
@: flying
A: large, unfitting armour, horns 1, tough skin 1, double potion healing,
drunken brawling
a: no special abilities


You were on level 5 of the Dungeon.
You visited 1 branch of the dungeon, and saw 5 of its levels.

You collected 238 gold pieces.

Inventory:

Hand Weapons
 a - a +0 mace
 h - a +0 mace of draining (weapon)
Missiles
 d - 7 darts of dispersal (quivered)
 r - 2 poisoned darts
Armour
 b - a +0 robe (worn)
 t - a scarf of invisibility
 u - a +0 cloak (worn)
Jewellery
 i - an amulet of faith
 o - a ring of flight (left hand)
 w - the ring of the Komtur (right hand) {rN+ Str+4 Int+3 Stlth+}
   (You acquired it on level 5 of the Dungeon)

   [ring of positive energy]

   Str+4:     It affects your strength (+4).
   Int+3:     It affects your intelligence (+3).
   rN+:       It protects you from negative energy.
   Stlth+:    It makes you more stealthy.
Talismans
 f - a beast talisman
 m - a maw talisman
Wands
 n - a wand of quicksilver (1)
Scrolls
 c - a scroll of blinking
 e - 2 scrolls of fog
 j - a scroll of immolation
 k - 2 scrolls of revelation
 l - 2 scrolls of noise
Potions
 g - a potion of attraction
 p - 3 potions of might {unknown}
 q - a potion of lignification {unknown}
 s - a potion of cancellation {unknown}
 v - a potion of magic {unknown}
 x - a potion of curing
 z - a potion of mutation {unknown}


   Skills:
 + Level 5.6 Fighting
 * Level 5.8 Maces & Flails
 - Level 1.0 Throwing
 - Level 2.1 Dodging
 - Level 2.5 Spellcasting
 + Level 4.4 Translocations
 - Level 1.1 Shapeshifting


You had 9 spell levels left.
You knew the following spells:

 Your Spells              Type           Power      Damage    Failure   Level
a - Blink                 Tloc           34%        N/A       4%          2

Your spell library contained the following spells:

 Spells                   Type           Power      Damage    Failure   Level
 Lesser Beckoning         Tloc           34%        N/A       4%          2
 Teleport Other           Tloc           17%        N/A       9%          3
 Manifold Assault         Tloc           17%        N/A       30%         4
 Vhi's Electric Charge    Tloc/Air       18%        N/A       58%         4
 Malign Gateway           Summ/Tloc      4%         N/A       100%        7
 Summon Horrible Things   Summ           1%         N/A       100%        8


Dungeon Overview and Level Annotations

Branches:
Dungeon (5/15)
 Temple: D:4-7

Altars:
Fedhas
Ru
Sif Muna

Annotations:
D:4 2 runed translucent doors, Bobodoro's ghost, weakling HuDe; Dowan; Duvessa


Innate Abilities, Weirdness & Mutations

You are too large for most types of armour.
You have a pair of small horns on your head.
You have tough skin. (AC +1)
You gain doubled healing and magic from potions.
Whenever you drink a healing potion, you attack all around you.


Message History

The ice beast hits you but does no damage.
You closely miss the ice beast. Your headbutt misses the ice beast.
The ice beast hits you. The ice beast freezes you!
You barely miss the ice beast. Your headbutt misses the ice beast.
The ice beast hits you but does no damage.
You hit the ice beast but do no damage. Your headbutt misses the ice beast.
The ice beast barely misses you.
You hit the ice beast. Your headbutt misses the ice beast.
The ice beast is lightly wounded.
The ice beast hits you but does no damage.
You barely miss the ice beast. You headbutt the ice beast.
The ice beast is lightly wounded.
The ice beast hits you. The ice beast freezes you!
Unknown command.
You sock the ice beast!
The ice beast is heavily wounded.
The ice beast hits you. The ice beast freezes you!
Unknown command.
You are too injured to fight recklessly!
You are too injured to fight recklessly!
You are too injured to fight recklessly!
You are too injured to fight recklessly!
You barely miss the ice beast. Your headbutt misses the ice beast.
The ice beast is heavily wounded.
The ice beast closely misses you. The ice beast hits you.
The ice beast freezes you!
* * * LOW HITPOINT WARNING * * *
You sock the ice beast! Your headbutt misses the ice beast.
The ice beast is almost dead.
The ice beast hits you.
* * * LOW HITPOINT WARNING * * *
The ice beast freezes you.
* * * LOW HITPOINT WARNING * * *
Unknown command.
You completely miss the ice beast. Your headbutt misses the ice beast.
The ice beast is almost dead.
The ice beast hits you.
* * * LOW HITPOINT WARNING * * *
The ice beast freezes you!
You die...

..#.# .# #...##.
..... ..[ #.#
#### ##.##
..###...##
#.##....@###
##.#......Y......
#.........#######
#...<....##
#.......##
#.......#
########.......#
......##.......#
#####.##..)....#


You could see an ice beast.

Vanquished Creatures
  An ice beast (D:5)
  Blork the orc (D:4)
  A scorpion (D:4)
  2 bombardier beetles (D:4)
  A hound (D:4)
  An orc priest (D:3)
  Crazy Yiuf (D:4)
  A sleepcap (D:5)
  3 orc wizards
  5 adders
  2 worms
  8 dart slugs
  14 orcs
  7 ball pythons
  3 bats
  6 endoplasms
  8 goblins
  6 hobgoblins
  4 jackals (D:2)
  7 kobolds
  3 quokkas (D:1)
  2 frilled lizards
  4 rats
91 creatures vanquished.

Vanquished Creatures (collateral kills)
  An orc priest (D:3)
1 creature vanquished.

Grand Total: 92 creatures vanquished

Notes
Turn   | Place    | Note
-------+----------+-------------------------------------------
     0 | D:1      | Aldia the Oni Warper began the quest for the Orb.
     0 | D:1      | Reached XP level 1. HP: 22/22 MP: 3/3
    62 | D:1      | Found a faded altar of an unknown god.
    75 | D:1      | Reached XP level 2. HP: 29/29 MP: 5/5
   513 | D:1      | Reached XP level 3. HP: 26/37 MP: 6/6
  1119 | D:2      | Found a sacrificial altar of Ru.
  1291 | D:2      | Learned a level 2 spell: Blink
  1324 | D:2      | Reached XP level 4. HP: 40/46 MP: 7/7
  2440 | D:3      | Reached XP level 5. HP: 19/52 MP: 8/8
  2916 | D:3      | Reached XP level 6. HP: 7/63 MP: 9/9
  3292 | D:4      | Noticed Bobodoro's ghost (weakling HuDe)
  3292 | D:4      | Found a large runed translucent door.
  3292 | D:4      | Found a large runed translucent door.
  3303 | D:4      | Noticed Blork the orc
  3318 | D:4      | Killed Blork the orc
  3616 | D:4      | Noticed Dowan
  3617 | D:4      | Found a blossoming altar of Fedhas.
  3618 | D:4      | Noticed Duvessa
  3830 | D:4      | Reached skill level 5 in Fighting
  3830 | D:4      | Reached skill level 5 in Maces & Flails
  3904 | D:4      | Found a runed translucent door.
  3905 | D:4      | Noticed Crazy Yiuf
  3913 | D:4      | Killed Crazy Yiuf
  4318 | D:4      | Reached skill level 1 in Shapeshifting
  4318 | D:4      | Reached XP level 7. HP: 37/72 MP: 10/10
  4445 | D:4      | Found a shimmering blue altar of Sif Muna.
  4509 | D:5      | Entered Level 5 of the Dungeon
  4546 | D:5      | Identified a scroll of acquirement
  4546 | D:5      | Acquired the ring of the Komtur {rN+ Str+4 Int+3 Stlth+}
  4990 | D:5      | Mangled by an ice beast

Illustrated notes

Levels and vault maps discovered:
D:1:      heliophobic_arrival_enchanted_forest, layout_loops_corners,
          nicolae_ecumenical_snake_handling
D:2:      layout_loops_corners, basic_altar, due_unseen_surprise
D:3:      wad_pebble_path, layout_basic
D:4:      layout_loops_ring, old_standard_altar, nicolae_overflow_hidden_temple,
          ebering_ghost_disaster_area, uniq_blork_the_orc,
          uniq_crazy_yiuf_cottage, uniq_duvessa
D:5:      layout_loops_ring, ashenzari_altar_1, serial_shops,
          nicolae_shop_crystal, chequers_jeans, dreamdust_wishing_well

Skill      XL: |  1  2  3  4  5  6 |
---------------+-------------------+-----
Fighting       | 3 4 5 |  5.6
Translocations | 3 4 |  4.4
Maces & Flails | 3 4 5 |  5.8
Shapeshifting  | 1 |  1.1
Throwing       | |  1.0
Dodging        | |  2.1
Spellcasting   | |  2.5

Action                     |  1- 3 |  4- 6 |  7- 9 || total
---------------------------+-------+-------+-------++-------
  Melee: Mace              |   113 |   161 |    59 ||   333
         Headbutt          |    16 |    25 |     9 ||    50
         Punch             |     2 |     1 |       ||     3
    Use: Scroll            |     3 |     6 |     1 ||    10
         Potion            |       |     1 |       ||     1
   Stab: Distracted        |       |     1 |       ||     1
 Armour: Robe              |    85 |   153 |    44 ||   282
  Dodge: Dodged            |    60 |    92 |    15 ||   167
   Form: Beast             |       |     1 |       ||     1
                           |       |       |     1 ||     1

Table legend: (Time is in decaauts)
 A = Elapsed time spent in this place.
 B = Non-inter-level travel time spent in this place.
 C = Inter-level travel time spent in this place.
 D = Time resting spent in this place.
 E = Time spent auto-exploring this place.
 F = Levels seen in this place.
 G = Mean time per level.
                   A        B        C        D        E       F      G
               +--------+--------+--------+--------+--------+-----+--------+
         Total |   5057 |   4793 |    264 |    378 |   3516 |   5 | 1011.4 |
       Dungeon |   5057 |   4793 |    264 |    378 |   3516 |   5 | 1011.4 |
               +--------+--------+--------+--------+--------+-----+--------+

Top non-repeatable levels by time:
     D:3: 1268 daAuts
     D:4: 1203 daAuts
     D:2: 1183 daAuts
     D:1: 1112 daAuts
     D:5: 289 daAuts
